 Dungeon Crawl Stone Soup version 0.23.2-40-g277498a001 (webtiles) character file.

Game seed: 3587485665165662902

8677 Ivernyr the Geomancer (level 11, -8/81 HPs)
             Began as a Deep Dwarf Earth Elementalist on Oct 8, 2019.
             Was a Priest of Elyvilon.
             Mangled by a vampire
             ... wielding a +0 falchion
              (11 damage)
             ... on level 10 of the Dungeon on Oct 9, 2019.
             The game lasted 01:01:25 (11692 turns).

Ivernyr the Geomancer (DDEE)                       Turns: 11692, Time: 01:01:26

Health: -8/81      AC:  6    Str: 13    XL:     11   Next: 13%
Magic:  11/21      EV: 14    Int: 18    God:    Elyvilon [***...]
Gold:   585        SH:  0    Dex: 13    Spells: 6/23 levels left

rFire    . . .     SeeInvis +   h - +4 scimitar (flame)
rCold    + . .     Gourm    .   (no shield)
rNeg     . . .     Faith    .   c - +1 robe of Naenlus {*Corrode rElec rC+ MR+}
rPois    .         Spirit   .   y - +2 helmet
rElec    +         Reflect  .   H - +2 cloak
rCorr    .         Harm     .   (no gloves)
MR       ++...                  (no boots)
Stlth    ++........             (no amulet)
HPRegen  0.00/turn              K - ring of wizardry
MPRegen  0.17/turn              F - ring of see invisible

@: about to teleport, protection, corroded, non-regenerating
A: damage resistance, heal wounds, sense surroundings 2, no regeneration
a: Heal Wounds, Lesser Healing, Heal Other, Purification, Divine Protection,
Renounce Religion


You were on level 10 of the Dungeon.
You worshipped Elyvilon.
Elyvilon was most pleased with you.
You were hungry.

You visited 2 branches of the dungeon, and saw 11 of its levels.

You collected 585 gold pieces.

Inventory:

Hand Weapons
 h - a +4 scimitar of flaming (weapon)
Missiles
 b - 137 stones (quivered)
Armour
 c - the +1 robe of Naenlus (worn) {*Corrode rElec rC+ MR+}
   (You found it on level 4 of the Dungeon)

   It protects you from cold.
   It insulates you from electricity.
   It affects your resistance to hostile enchantments.
   It may corrode you when you take damage.
 y - a +2 helmet (worn)
 H - a +2 cloak (worn)
Jewellery
 i - an uncursed ring of protection from cold
 m - an uncursed ring of wizardry
 v - an uncursed ring of protection from fire
 F - a ring of see invisible (right hand)
 K - a ring of wizardry (left hand)
Wands
 E - a wand of iceblast (12)
 G - a wand of acid (11)
 L - a wand of paralysis (19)
Scrolls
 e - a scroll of teleportation
 f - 3 scrolls of blinking {unknown}
 j - 3 scrolls of amnesia
 n - 6 scrolls of remove curse
 p - 11 scrolls of identify
 t - 3 scrolls of random uselessness {unknown}
 z - a scroll of magic mapping {unknown}
 A - a scroll of immolation {unknown}
 B - a scroll of holy word {unknown}
 D - a scroll of enchant armour {unknown}
 J - 3 scrolls of enchant weapon {unknown}
Potions
 a - 6 potions of flight {unknown}
 g - 4 potions of heal wounds {unknown}
 k - 7 potions of curing {unknown}
 l - 3 potions of mutation {unknown}
 o - 3 potions of resistance {unknown}
 q - a potion of lignification {unknown}
 r - a potion of invisibility {unknown}
 s - 3 potions of haste
 u - a potion of degeneration {unknown}
 w - 3 potions of might {unknown}
 x - a potion of agility {unknown}
 C - a potion of magic {unknown}
 I - a potion of cancellation {unknown}
 M - a potion of ambrosia {unknown}
Comestibles
 d - 17 rations


   Skills:
 + Level 7.9 Armour
 - Level 4.0 Dodging
 - Level 2.4 Stealth
 + Level 6.8 Spellcasting
 + Level 2.2 Conjurations
 - Level 0.8 Transmutations
 * Level 14.3 Earth Magic
 - Level 8.5 Invocations


You had 6 spell levels left.
You knew the following spells:

 Your Spells              Type           Power        Failure   Level  Hunger
a - Sandblast             Erth           ######       1%          1    None
b - Passwall              Tmut/Erth      ####....     1%          2    None
c - Stone Arrow           Conj/Erth      #####.       1%          3    ##.....
d - Petrify               Tmut/Erth      ####....     1%          4    ####...
e - Lee's Rapid Deconstr  Erth           ######....   1%          5    #####..
f - Blink                 Tloc           N/A          7%          2    None

Your spell library contained the following spells:

 Spells                   Type           Power        Failure   Level  Hunger
 Magic Dart               Conj           ##..         1%          1    None
 Call Imp                 Summ           #.......     7%          2    None
 Slow                     Hex            #.......     7%          2    None
 Conjure Flame            Conj/Fire      ##......     9%          3    ##.....
 Mephitic Cloud           Conj/Pois/Air  #.......     10%         3    ##.....


Dungeon Overview and Level Annotations

Branches:
Dungeon (10/15)            Temple (1/1) D:4             Orc (0/2) D:9
   Lair: D:8-11

Altars:
Ashenzari
Cheibriados
Dithmenos
Elyvilon
Fedhas
Gozag
Hepliaklqana
Makhleb
Nemelex Xobeh
Okawaru
Qazlal
Ru
Sif Muna
Trog
Uskayaw
Vehumet
Xom
Yredelemnul
Zin
The Shining One

Annotations:
D:10 3 runed translucent doors, Jabberih's ghost, novice HOFi


Innate Abilities, Weirdness & Mutations

You are resistant to damage.
You can heal yourself by infusing magical energy.
You passively map the area around you.
You do not regenerate.


Message History

The vampire is heavily damaged.
b - 137 stones The vampire hits you with a +0 falchion!
* * * LOW HITPOINT WARNING * * *
Your corrosive artefact corrodes you!
The vampire closely misses you.
You are healed.
You feel somewhat more hungry.
The vampire hits you with a +0 falchion!
* * * LOW HITPOINT WARNING * * *
The vampire bites you!
* * * LOW HITPOINT WARNING * * *
The vampire draws strength from your injuries!
You beseech Elyvilon to protect your life.
As you read the scroll of teleportation, it crumbles to dust.
You feel strangely unstable.
The vampire hits you with a +0 falchion.
The vampire bites you! Elyvilon protects you from harm!
The vampire draws strength from your injuries!
The vampire hits you with a +0 falchion!
You die...

** * * #.# *,
... ,,,* , ,
#.. * * * *
#.#* * #.# ,*
, #.# ,
***#.#.##.###
,
,........V.#
........#@#
,***
##.######.#
#, #.# * ,
#.# #.# , *
#.# , * #.# ,
### #.# ..#
#.#


You could see a vampire (invisible).

Vanquished Creatures
  Gastronok (D:8)
  Erica (D:8)
  An unseen horror (D:10)
  Joseph (D:8)
  A kobold demonologist (D:10)
  2 hornets
  Prince Ribbit (D:5)
  2 hippogriffs (D:7)
  3 yaks (D:9)
  Edmund (D:5)
  A water moccasin (D:6)
  Duvessa (D:6)
  A black bear (D:6)
  4 sky beasts
  5 ogres
  3 orc warriors
  A necrophage (D:6)
  3 centaurs
  12 big kobolds (D:10)
  2 bullfrogs
  A wyvern skeleton (D:6)
  Dowan (D:6)
  6 crimson imps
  2 jellies (D:8)
  A quasit (D:5)
  5 hounds
  A bullfrog zombie (D:5)
  2 orc priests
  Crazy Yiuf (D:5)
  Jessica (D:2)
  4 orc wizards
  A hound skeleton (D:6)
  5 gnolls (D:4)
  10 adders
  A shadow imp (D:5)
  2 oozes
  An adder zombie (D:6)
  2 worms (D:7)
  A dart slug (D:1)
  4 leopard geckos
  32 orcs
  2 ball pythons
  7 giant cockroaches
  21 goblins
  8 hobgoblins
  11 jackals
  19 kobolds
  5 quokkas
  4 bats
  5 frilled lizards
  A jackal skeleton (D:5)
  7 rats
221 creatures vanquished.

Notes
Turn   | Place    | Note
-------+----------+-------------------------------------------
     0 | D:1      | Ivernyr the Deep Dwarf Earth Elementalist began the quest
                  | for the Orb.
     0 | D:1      | Reached XP level 1. HP: 15/15 MP: 3/3
   234 | D:1      | Reached XP level 2. HP: 22/22 MP: 2/4
   238 | D:1      | Learned a level 2 spell: Passwall
   956 | D:2      | Reached XP level 3. HP: 22/28 MP: 2/6
  1017 | D:2      | Learned a level 3 spell: Stone Arrow
  1066 | D:2      | Reached skill level 5 in Earth Magic
  1137 | D:2      | Found a glowing silver altar of Zin.
  1176 | D:2      | Noticed Jessica
  1179 | D:2      | Killed Jessica
  1179 | D:2      | Reached XP level 4. HP: 29/36 MP: 2/7
  1411 | D:2      | Found a stormy altar of Qazlal.
  1601 | D:2      | Found a basalt altar of Yredelemnul.
  1603 | D:2      | Noticed a profane servitor
  1628 | D:2      | Found a glowing golden altar of the Shining One.
  1631 | D:2      | Noticed an angel
  1708 | D:2      | Found a hazy altar of Hepliaklqana.
  2117 | D:3      | Reached skill level 6 in Earth Magic
  2156 | D:3      | Reached XP level 5. HP: 42/42 MP: 5/8
  3347 | D:4      | Got a steaming robe
  3353 | D:4      | Identified the cursed +1 robe of Naenlus {*Corrode rElec
                  | rC+ MR+} (You found it on level 4 of the Dungeon)
  3676 | D:4      | Reached XP level 6. HP: 41/49 MP: 8/10
  3935 | D:4      | Reached skill level 7 in Earth Magic
  4212 | D:4      | Found a staircase to the Ecumenical Temple.
  4221 | Temple   | Entered the Ecumenical Temple
  4236 | Temple   | Became a worshipper of Elyvilon the Healer
  4419 | D:4      | Learned a level 4 spell: Petrify
  4500 | D:4      | Found a sparkling altar of Nemelex Xobeh.
  4598 | D:4      | Found a shattered altar of Ashenzari.
  4644 | D:5      | Entered Level 5 of the Dungeon
  4707 | D:5      | Noticed Edmund
  4717 | D:5      | Killed Edmund
  4717 | D:5      | Reached skill level 1 in Armour
  4717 | D:5      | Reached skill level 1 in Invocations
  4822 | D:5      | Noticed Prince Ribbit
  4837 | D:5      | Killed Prince Ribbit
  4837 | D:5      | Reached skill level 8 in Earth Magic
  4837 | D:5      | Reached XP level 7. HP: 39/55 MP: 1/12
  5488 | D:5      | Found a hide-covered altar of Uskayaw.
  5663 | D:5      | Found a runed translucent door.
  5664 | D:5      | Noticed Crazy Yiuf
  5787 | D:5      | Killed Crazy Yiuf
  5866 | D:5      | Reached skill level 9 in Earth Magic
  5960 | D:6      | Reached XP level 8. HP: 39/62 MP: 2/14
  6065 | D:6      | Reached * piety under Elyvilon
  6482 | D:6      | Reached skill level 10 in Earth Magic
  6586 | D:6      | Noticed Duvessa
  6586 | D:6      | Noticed Dowan
  6597 | D:6      | Killed Dowan
  6617 | D:6      | Killed Duvessa
  6647 | D:6      | Reached skill level 5 in Invocations
  7425 | D:7      | Gained mutation: You passively map the area around you.
                  | [Deep Dwarf growth]
  7425 | D:7      | Reached XP level 9. HP: 65/68 MP: 8/16
  7508 | D:7      | Reached skill level 11 in Earth Magic
  7545 | D:7      | Learned a level 5 spell: Lee's Rapid Deconstruction
  7548 | D:7      | Learned a level 2 spell: Blink
  7779 | D:7      | Noticed a moth of wrath
  7782 | D:7      | Found a bloodstained altar of Trog.
  8002 | D:7      | Reached skill level 5 in Spellcasting
  8059 | D:7      | Reached ** piety under Elyvilon
  8064 | D:7      | Found a bloodstained altar of Trog.
  8069 | D:7      | Reached skill level 5 in Armour
  8637 | D:8      | Noticed Erica
  8642 | D:8      | Killed Erica
  8642 | D:8      | Reached skill level 12 in Earth Magic
  9226 | D:8      | Reached *** piety under Elyvilon
  9240 | D:8      | Noticed Joseph
  9250 | D:8      | Killed Joseph
  9250 | D:8      | Reached XP level 10. HP: 59/75 MP: 13/18
  9361 | D:8      | Noticed Gastronok
  9381 | D:8      | Killed Gastronok
  9381 | D:8      | Reached skill level 13 in Earth Magic
 10229 | D:9      | Found a staircase to the Orcish Mines.
 10295 | D:9      | Paralysed by a hornet for 1 turns
 10297 | D:9      | Paralysed by a hornet for 1 turns
 10523 | D:9      | Reached **** piety under Elyvilon
 10754 | D:9      | Found a burning altar of Makhleb.
 10754 | D:9      | Found an iron altar of Okawaru.
 10755 | D:9      | Found a shadowy altar of Dithmenos.
 10783 | D:10     | Entered Level 10 of the Dungeon
 10819 | D:10     | Reached skill level 1 in Conjurations
 10825 | D:10     | Noticed an unseen horror
 10844 | D:10     | Found a runed translucent gate.
 10844 | D:10     | Found a runed translucent gate.
 10844 | D:10     | Found a runed translucent gate.
 10844 | D:10     | Noticed Jabberih's ghost (novice HOFi)
 10959 | D:10     | Noticed a sun demon
 10961 | D:10     | Reached skill level 14 in Earth Magic
 11271 | D:10     | Reached XP level 11. HP: 64/81 MP: 4/21
 11290 | D:10     | Killed an unseen horror
 11688 | D:10     | HP: 3/81 [vampire/+0 falchion (9)]
 11690 | D:10     | Elyvilon protects you from harm!
 11692 | D:10     | Mangled by a vampire

Skill      XL: |  1  2  3  4  5  6  7  8  9 10 11 |
---------------+----------------------------------+-----
Spellcasting   | 2 3 4 5 6 |  6.8
Earth Magic    | 5 6 8 9 10 12 14 | 14.3
Dodging        | 3 4 |  4.0
Armour         | 2 3 4 6 7 |  7.9
Invocations    | 2 3 5 7 8 |  8.5
Conjurations   | 1 2 |  2.2
Stealth        | |  2.4
Transmutations | |  0.8

Action                   |  1- 3 |  4- 6 |  7- 9 | 10-12 || total
-------------------------+-------+-------+-------+-------++-------
Melee: Dagger            |    15 |    61 |    19 |       ||    95
       Unarmed           |     3 |       |       |       ||     3
       Scimitar          |       |       |     4 |    75 ||    79
Throw: Stone             |       |     1 |     1 |       ||     2
 Cast: Sandblast         |    29 |    79 |    87 |    70 ||   265
       Stone Arrow       |     1 |    41 |    71 |    30 ||   143
       Blink             |       |       |     2 |     1 ||     3
       Lee's Rapid Decon |       |       |       |     4 ||     4
       Passwall          |       |       |       |     1 ||     1
Invok: Lesser Healing    |       |       |    20 |    22 ||    42
       Greater Healing   |       |       |       |     1 ||     1
       Divine Protection |       |       |       |     1 ||     1
 Abil: Heal Wounds       |       |     3 |     2 |     1 ||     6
  Use: Scroll            |       |       |     2 |     4 ||     6
 Stab: Sleeping          |     4 |     4 |     1 |       ||     9
  Eat: Chunk             |     1 |    16 |    22 |     6 ||    45
       Ration            |       |       |       |     2 ||     2
Armor: Robe              |     4 |    16 |    41 |    80 ||   141
Dodge: Dodged            |    15 |    45 |    58 |   132 ||   250
       Rpst.: Scimitar   |       |       |     1 |    26 ||    27
